 Dungeon Crawl Stone Soup version 0.28.0-47-ge53b351184 (webtiles) character file.

Game seed: 18368252669223898395

25652 101zpm the Frost Mage (level 12, -14/91 HPs)
             Began as a Green Draconian Ice Elementalist on Apr 28, 2022.
             Was an Initiate of Vehumet.
             Demolished by a red ugly thing (21 damage)
             ... on level 15 of the Dungeon.
             The game lasted 01:16:15 (23336 turns).

101zpm the Frost Mage (DrIE)                       Turns: 23336, Time: 01:16:16

Health: -14/91     AC: 22    Str: 10    XL:     12   Next: 91%
Magic:  21/28      EV: 13    Int: 24    God:    Vehumet [......]
Gold:   1044       SH:  5    Dex: 18    Spells: 24/36 levels left

rFire   . . .      SeeInvis .   q - +2 flail (holy)
rCold   . . .      Faith    .   (no shield)
rNeg    . . .      Spirit   .   (armour unavailable)
rPois   +          Reflect  +   L - +0 hat {Int+3}
rElec   .          Harm     .   O - +0 cloak
rCorr   .          Rampage  .   (no gloves)
Will    .....                   (no boots)
Stlth   ++........              F - amulet of reflection
HPRegen 0.25/turn               r - +6 ring of dexterity
MPRegen 0.21/turn               e - +4 ring of protection

@: ice-armoured (expiring), freezing walls, studying Earth Magic
A: breathe noxious fumes, AC +8, unfitting armour, poison resistance,
cold-blooded
a: Breathe Noxious Fumes, Renounce Religion


You were on level 15 of the Dungeon.
You worshipped Vehumet.
Vehumet was noncommittal.
You visited 3 branches of the dungeon, and saw 19 of its levels.
You also visited: Ossuary.

You collected 1044 gold pieces.

Inventory:

Hand Weapons
 q - a +2 flail of holy wrath (weapon)
Missiles
 o - 16 boomerangs
 B - a throwing net
Armour
 L - a +0 hat of intelligence (worn)
 O - a +0 cloak (worn)
Magical Staves
 j - a staff of conjuration
 l - a staff of cold
Jewellery
 d - a +4 ring of evasion
 e - a +4 ring of protection (right hand)
 i - a ring of protection from cold
 r - a +6 ring of dexterity (left hand)
 F - an amulet of reflection (around neck)
 G - a ring of positive energy
 I - a ring of positive energy
 J - a ring of flight
Wands
 m - a wand of iceblast (12)
 s - a wand of digging (2)
 x - a wand of flame (24)
 C - a wand of polymorph (8)
 H - a wand of acid (2)
 M - a wand of charming (6)
Scrolls
 a - 3 scrolls of noise
 f - 11 scrolls of identify
 g - a scroll of fear {unknown}
 k - 5 scrolls of teleportation
 w - a scroll of brand weapon {unknown}
 y - 2 scrolls of magic mapping
 E - a scroll of blinking
Potions
 b - 7 potions of mutation {unknown}
 c - 4 potions of heal wounds {unknown}
 h - a potion of might {unknown}
 n - 2 potions of flight {unknown}
 p - 3 potions of magic {unknown}
 t - a potion of experience {unknown}
 v - 4 potions of attraction {unknown}
 z - 10 potions of curing {unknown}
 A - 2 potions of invisibility {unknown}
 D - 2 potions of lignification {unknown}
 K - 2 potions of resistance {unknown}
 P - a potion of brilliance {unknown}
Miscellaneous
 N - a piece from Xom's chessboard (15/15)


   Skills:
 + Level 3.9(1.9) Fighting
 + Level 5.3(2.7) Maces & Flails
 + Level 1.8(1.9) Staves
 + Level 6.0(3.0) Dodging
 + Level 4.2(2.1) Stealth
 + Level 2.8(1.4) Shields
 + Level 12.5(8.5) Spellcasting
 + Level 2.6(1.3) Conjurations
 + Level 14.1(10.1) Ice Magic


You had 24 spell levels left.
You knew the following spells:

 Your Spells              Type           Power      Damage    Failure   Level
a - Freeze                Ice            100%       1d11      1%          1
b - Frozen Ramparts       Ice            100%       1d12      1%          3
c - Ozocubu's Armour      Ice            56%        N/A       1%          3
d - Hailstorm             Conj/Ice       37%        3d9       6%          4
e - Magic Dart            Conj           64%        1d6       3%          1

Your spell library contained the following spells:

 Spells                   Type           Power      Damage    Failure   Level
 Ensorcelled Hibernation  Hex/Ice        68%        N/A       1%          2
 Blink                    Tloc           20%        N/A       10%         2
 Call Imp                 Summ           10%        N/A       10%         2
 Passwall                 Tmut/Erth      8%         N/A       10%         2
 Conjure Flame            Conj/Fire      13%        6-21      14%         3
 Mephitic Cloud           Conj/Pois/Air  12%        N/A       16%         3
 Ignite Poison            Fire/Tmut/Pois 10%        N/A       19%         3
 Lesser Beckoning         Tloc           10%        N/A       19%         3
 Swiftness                Air            10%        N/A       19%         3
 Sticky Flame             Conj/Fire      13%        2d4       43%         4
 Ozocubu's Refrigeration  Ice            28%        4d10      63%         7
 Fireball                 Conj/Fire      6%         3d5       78%         5
 Irradiate                Conj/Tmut      6%         3d16      78%         5
 Blade Hands              Tmut           5%         N/A       86%         5
 Manifold Assault         Tloc           10%        N/A       86%         5
 Conjure Ball Lightning   Conj/Air       6%         3x3d6     100%        6
 Iron Shot                Conj/Erth      6%         9d2       100%        6
 Starburst                Conj/Fire      6%         6d4       100%        6
 Dragon Form              Tmut           5%         N/A       100%        7
 Storm Form               Tmut/Air       5%         N/A       100%        7
 Discord                  Hex            5%         N/A       100%        8
 Disjunction              Tloc           5%         N/A       100%        8
 Ignition                 Fire           5%         3d4       100%        8
 Animate Armour           Summ/Erth      Unusable   N/A       N/A         4

Dungeon Overview and Level Annotations

Branches:
Dungeon (15/15)            Temple (1/1) D:7            Lair (3/6) D:10
  Snake (0/4) Lair:2      Ossuary (visited)
  Swamp: Lair:2-4    Shoals: Lair:2-4       Orc: D:9-12      Vaults: D:13-14
 Depths: D:15

Altars:
Ashenzari
Cheibriados
Dithmenos
Elyvilon
Fedhas
Gozag
Hepliaklqana
Kikubaaqudgha
Makhleb
Nemelex Xobeh
Okawaru
Qazlal
Ru
Sif Muna
Trog
Uskayaw
Vehumet
Wu Jian
Xom
Yredelemnul
Zin
The Shining One

Shops:
D:10 :   D:12 =

Annotations:
D:10 1 runed translucent door


Innate Abilities, Weirdness & Mutations

You can breathe blasts of noxious fumes.
Your lurid green scales are hard. (AC +8)
You cannot fit into any form of body armour.
Your system is resistant to poisons. (rPois)
You are cold-blooded and may be slowed by cold attacks.


Message History

Hark!
There is a gateway to a gauntlet on this level.
Find the entrance quickly before the gate is sealed!
There is a stone staircase leading up here.
Casting: Frozen Ramparts (safe; 1% risk of failure)
Confirm with . or Enter, or press ? or * to list all spells.
Casting: Frozen Ramparts (safe; 1% risk of failure)
Press: ? - help, Dir - look around, f - activate A stone staircase leading up.
The walls around you are covered in ice.
The wall freezes the red ugly thing!
Casting: Frozen Ramparts (safe; 1% risk of failure)
Confirm with . or Enter, or press ? or * to list all spells.
A film of ice covers your body!
The wall freezes the red ugly thing!
You are too injured to fight recklessly!
You are too injured to fight recklessly!
Aiming: Freeze (safe; 1% risk of failure)
Press: ? - help, Q - select action, (/) - cycle Shift-Dir - straight line, f - red ugly thing
Aim: a red ugly thing (moderately wounded)
You freeze the red ugly thing.
The red ugly thing is moderately wounded.
The wall freezes the red ugly thing.
The red ugly thing engulfs you but does no damage.
Aiming: Freeze (safe; 1% risk of failure)
Press: ? - help, Q - select action, (/) - cycle Shift-Dir - straight line, f/p - red ugly thing
Aim: a red ugly thing (heavily wounded)
You freeze the red ugly thing.
The red ugly thing is heavily wounded.
The red ugly thing gurgles horribly!
You hear a horrible gurgling sound! x2
A red ugly thing comes into view. x2
The wall freezes the red ugly thing.
The red ugly thing engulfs you!
You are engulfed in flames!!
* * * LOW HITPOINT WARNING * * *
You hear a horrible gurgling sound!
The heat melts your icy armour.
As you read the scroll of fog, it crumbles to dust.
The scroll dissolves into smoke.
You hear a horrible gurgling sound!
The wall freezes the red ugly thing!
The red ugly thing engulfs you!
* * * LOW HITPOINT WARNING * * *
You are engulfed in flames!!
You die...

######
#§@u§#
#§§§§§#
#§§§§#...
....#uu
..# #..##
u.. #.#
#.. .##.
. .. ##
.. ... ##


You could see a red ugly thing.

Vanquished Creatures
  Gastronok (D:12)
  A boulder beetle (D:13)
  A centaur warrior (D:12)
  5 two-headed ogres
  A tengu warrior (D:14)
  A death yak (Lair:2)
  Sonja (D:12)
  Nergalle (Lair:2)
  A deep elf pyromancer (D:12)
  A manticore (D:13)
  4 elephants (Lair:2)
  2 cyclopes
  2 black mambas (Lair:2)
  A torpor snail (Lair:2)
  Joseph (D:8)
  6 cane toads
  An unseen horror (D:13)
  A rime drake (Lair:2)
  2 komodo dragons
  6 trolls
  The ghost of KamiKatze the Conjurer, an amateur OpCj (D:4)
  2 vampires
  19 yaks
  A wyvern (D:9)
  Eustachio (D:3)
  3 basilisks
  3 steam dragons
  5 vampire mosquitoes
  An acid dragon (D:12)
  A naga (Lair:2)
  4 water moccasins
  An ice beast (D:6)
  2 sky beasts
  An orc warrior (D:10)
  4 black bears
  A hornet zombie (D:8)
  3 centaurs
  2 ogres
  6 wolves (Lair:2)
  3 phantoms (D:5)
  A kobold brigand (D:8)
  A gnoll sergeant (D:9)
  5 bullfrogs
  3 scorpions
  2 howler monkeys
  4 killer bees
  3 electric eels (D:8)
  3 centaur zombies
  2 bullfrog zombies (D:5)
  4 hounds
  4 gnoll shamans
  6 orc priests
  2 jellies
  3 iguanas
  Ijyb (D:4)
  6 orc wizards
  2 mummies (Ossuary)
  26 gnolls
  A howler monkey skeleton (D:5)
  9 adders
  2 white imps
  An ufetubus (D:5)
  7 adder zombies (Ossuary)
  A worm (D:2)
  2 dart slugs
  14 orcs
  4 bats (D:1)
  5 endoplasms
  A giant cockroach (D:1)
  2 gnoll zombies (Ossuary)
  27 goblins
  32 hobgoblins
  4 jackals (D:1)
  10 kobolds
  5 quokkas
  8 ball pythons
  7 frilled lizards
  8 hobgoblin zombies (Ossuary)
  A jackal skeleton (D:4)
  A kobold zombie (Ossuary)
  6 orc zombies (Ossuary)
  3 rats (D:1)
343 creatures vanquished.

Vanquished Creatures (others)
  23 fungi
  24 plants
47 creatures vanquished.

Grand Total: 390 creatures vanquished

Notes
Turn   | Place    | Note
-------+----------+-------------------------------------------
     0 | D:1      | 101zpm the Draconian Ice Elementalist began the quest for
                  | the Orb.
     0 | D:1      | Reached XP level 1. HP: 14/14 MP: 3/3
   171 | D:1      | Reached XP level 2. HP: 12/20 MP: 0/5
  1068 | D:2      | Reached XP level 3. HP: 26/26 MP: 4/6
  1253 | D:2      | Found a faded altar of an unknown god.
  1485 | D:3      | Noticed a scorpion
  1500 | D:3      | Killed a scorpion
  1501 | D:3      | Reached skill level 5 in Ice Magic
  1501 | D:3      | Reached XP level 4. HP: 33/33 MP: 3/8
  1804 | D:3      | Found a hazy altar of Hepliaklqana.
  1805 | D:3      | Found a faded altar of an unknown god.
  2262 | D:4      | Found a shadowy altar of Dithmenos.
  2331 | D:4      | Noticed Ijyb
  2336 | D:5      | Entered Level 5 of the Dungeon
  2343 | D:5      | Reached XP level 5. HP: 38/38 MP: 6/9
  2369 | D:5      | Noticed a phantom
  2382 | D:6      | Noticed an ogre
  2382 | D:6      | Noticed a black bear
  2382 | D:6      | Noticed an ice beast
  2696 | D:3      | Learned a level 3 spell: Frozen Ramparts
  2700 | D:3      | Learned a level 3 spell: Ozocubu's Armour
  2705 | D:3      | Learned a level 4 spell: Hailstorm
  2706 | D:4      | Noticed Eustachio
  2717 | D:3      | Reached XP level 6. HP: 37/45 MP: 6/11
  2776 | D:3      | Killed Eustachio
  2777 | D:3      | Reached skill level 6 in Ice Magic
  3349 | D:6      | Your scales start taking on a lurid green colour.
  3349 | D:6      | Reached XP level 7. HP: 50/50 MP: 2/14
  3349 | D:6      | Gained mutation: Your system is resistant to poisons.
                  | (rPois) [Green Draconian growth]
  3471 | D:6      | Reached skill level 5 in Spellcasting
  3664 | D:6      | Reached skill level 7 in Ice Magic
  3829 | D:6      | Reached XP level 8. HP: 57/57 MP: 3/16
  4082 | D:5      | Reached skill level 1 in Staves
  4398 | D:5      | Reached skill level 8 in Ice Magic
  5406 | D:5      | Reached skill level 1 in Fighting
  5859 | D:5      | Found an ancient bone altar of Kikubaaqudgha.
  6183 | D:5      | Reached XP level 9. HP: 44/64 MP: 4/19
  6216 | D:5      | Reached skill level 9 in Ice Magic
  7184 | D:7      | You fall into a shaft and drop 1 floor!
  7187 | D:8      | Identified a scroll of acquirement
  7189 | D:8      | Acquired a book of Minor Magic
  7193 | D:8      | Learned a level 1 spell: Magic Dart
  7376 | D:8      | Noticed Joseph
  7643 | D:8      | Found a sand-covered staircase.
  7652 | Ossuary  | Entered an ossuary
  7904 | D:8      | Reached skill level 1 in Maces & Flails
  8438 | D:9      | Found an iron altar of Okawaru.
  8438 | D:9      | Found an ornate altar of the Wu Jian Council.
  8455 | D:8      | Noticed a two-headed ogre
  8467 | D:8      | You are sucked into a shaft and drop 2 floors!
  8467 | D:10     | Entered Level 10 of the Dungeon
  8467 | D:10     | Found Xiul's Book Boutique.
  8634 | D:10     | Noticed a two-headed ogre
  8642 | D:10     | Killed a two-headed ogre
  8643 | D:10     | Reached skill level 1 in Conjurations
  8650 | D:10     | Noticed a troll
  9219 | D:12     | Noticed a troll
  9249 | D:12     | Noticed a troll
  9257 | D:12     | Noticed a deep elf pyromancer
  9293 | D:12     | Killed a troll
  9367 | D:12     | Found Tiecze's Jewellery Emporium.
  9392 | D:12     | Noticed Sonja
  9392 | D:12     | Noticed Gastronok
  9431 | D:10     | Killed a troll
  9432 | D:10     | Reached skill level 10 in Ice Magic
  9432 | D:10     | Reached XP level 10. HP: 65/73 MP: 12/22
  9850 | D:10     | Found a staircase to the Lair.
 10028 | D:10     | Noticed an ettin
 10028 | D:10     | Noticed a fire giant
 10028 | D:10     | Noticed a fire crab
 10029 | D:10     | Found a runed translucent door.
 10031 | D:10     | Noticed a stone giant
 10031 | D:10     | Noticed a deep troll
 10031 | D:10     | Noticed a flayed ghost
 10031 | D:10     | Noticed a flayed ghost
 10031 | D:10     | Noticed a stone giant
 10902 | D:10     | Found a glowing golden altar of the Shining One.
 11234 | D:9      | Found a broken altar of Ashenzari.
 11248 | D:9      | Reached skill level 11 in Ice Magic
 11947 | D:8      | Killed a two-headed ogre
 12691 | D:7      | Found a staircase to the Ecumenical Temple.
 12697 | Temple   | Entered the Ecumenical Temple
 13042 | D:4      | Killed Ijyb
 13285 | D:4      | Found a runed translucent door.
 13285 | D:4      | Noticed KamiKatze's ghost (amateur OpCj)
 13350 | D:4      | Found a shimmering blue altar of Sif Muna.
 13523 | D:4      | Killed KamiKatze's ghost
 13799 | D:9      | Reached XP level 11. HP: 69/81 MP: 22/24
 14150 | D:9      | Noticed a two-headed ogre
 14164 | D:9      | Killed a two-headed ogre
 14165 | D:9      | Reached skill level 10 in Spellcasting
 14569 | D:9      | Became a worshipper of Ashenzari the Shackled
 15192 | Lair:1   | Entered Level 1 of the Lair of Beasts
 15582 | Lair:1   | Reached skill level 1 in Shields
 15720 | Lair:1   | Reached skill level 12 in Ice Magic
 16399 | Lair:1   | Reached skill level 5 in Dodging
 16922 | Lair:2   | Noticed a death yak
 16931 | Lair:2   | Killed a death yak
 17618 | Lair:2   | Noticed Nergalle
 17752 | Lair:2   | Killed Nergalle
 17753 | Lair:2   | Reached XP level 12. HP: 89/89 MP: 9/27
 17916 | Lair:2   | Found a staircase to the Snake Pit.
 17992 | Lair:2   | Found a shimmering altar of Xom.
 18415 | Lair:2   | Reached skill level 13 in Ice Magic
 18906 | Lair:3   | Found a radiant altar of Vehumet.
 19405 | Lair:3   | Fell from the grace of Ashenzari
 19405 | Lair:3   | Became a worshipper of Vehumet
 20372 | D:8      | Killed Joseph
 20609 | D:12     | Killed Sonja
 20629 | D:12     | Killed Gastronok
 20630 | D:12     | Reached skill level 5 in Maces & Flails
 21352 | D:12     | Noticed a centaur warrior
 21352 | D:12     | Noticed a two-headed ogre
 21369 | D:12     | Killed a centaur warrior
 21553 | D:12     | Killed a two-headed ogre
 22311 | D:13     | Noticed a boulder beetle
 22605 | D:13     | Killed a boulder beetle
 22970 | D:13     | Reached skill level 14 in Ice Magic
 23110 | D:14     | Noticed a two-headed ogre
 23117 | D:14     | Killed a two-headed ogre
 23119 | D:14     | Noticed a tengu warrior
 23133 | D:14     | Killed a tengu warrior
 23295 | D:14     | Noticed a death knight
 23331 | D:15     | Entered Level 15 of the Dungeon
 23336 | D:15     | Demolished by a red ugly thing

Illustrated notes

Levels and vault maps discovered:
D:1:      minmay_arrival_nine_rooms, layout_basic, minivault_14
D:2:      layout_rooms, ebering_ecumenical_altar_sacrificial,
          grunt_decor_arrowhead
D:3:      layout_loops_ring, beargit_hepliaklqana_dungeon_heroes, minivault_27
D:4:      minmay_diamond_boxcup, layout_cave_pools, kennysheep_orc_sif_temple,
          lemuel_doored_altar, serial_column_ruins, column_ruins_square_large,
          column_ruins_open_medium_water, column_ruins_open_large,
          column_ruins_grid_1, ebering_ghost_inner_flame, uniq_ijyb,
          uniq_eustachio
D:5:      minmay_goblin_kobold_castle, layout_basic, marbit_many_paths
D:6:      layout_basic, minmay_crystal_room, grunt_ministairs_2
D:7:      layout_cave_pods, nicolae_vehumet_radiance,
          minmay_temple_entry_statues_pillars
D:8:      layout_layer_cave, nicolae_ossuary_entry_monument, disabler_island,
          uniq_joseph
D:9:      layout_rooms, grunt_temple_overflow_open
D:10:     minmay_gate_of_8, layout_gridville, tso_altar,
          grunt_lair_entry_orc_guard_hut, serial_shops, nicolae_diamond_shop
D:11:     layout_long_grid, orc_0_dummy, serial_glass, glass_columns_a,
          glass_columns_a
D:12:     layout_gridville, serial_shops, shop, uniq_sonja, uniq_gastronok
D:13:     layout_small_grid, grunt_vaults_entry_fortified, special_room
          [special_room_orc]
D:14:     layout_basic, serial_glass, glass_columns_b, glass_columns_a,
          due_unseen_surprise, feat_on_display, feat_on_display,
          minmay_misc_feat_alley
D:15:     grunt_enter_depths_magical_seal, layout_layer_cave,
          nicolae_trove_entry_path_of_doom, gauntlet_entry_generic,
          grunt_decor_junction
Temple:   oiseaux_autumnal_temple
Lair:1:   layout_regular_city, st_stairs_9, grunt_megastairs_2,
          lemuel_fruit_tree
Lair:2:   layout_gridlike, guppyfry_snake_entry_garden, basic_altar,
          uniq_nergalle
Lair:3:   layout_small_grid, basic_altar

Skill      XL: |  1  2  3  4  5  6  7  8  9 10 11 12 |
---------------+-------------------------------------+-----
Dodging        | 2 3 4 5 6 |  6.0
Spellcasting   | 3 4 5 7 8 9 11 12 | 12.5
Ice Magic      | 5 6 7 8 10 11 12 14 | 14.1
Stealth        | 2 3 4 |  4.2
Staves         | 1 |  1.8
Fighting       | 1 2 3 |  3.9
Maces & Flails | 3 4 5 |  5.3
Conjurations   | 1 2 |  2.6
Shields        | 1 2 |  2.8

Action                   |  1- 3 |  4- 6 |  7- 9 | 10-12 || total
-------------------------+-------+-------+-------+-------++-------
Melee: Unarmed           |    12 |       |       |     1 ||    13
       Tailslap          |     2 |     4 |    45 |    27 ||    78
       Dagger            |     4 |       |       |       ||     4
       Staff             |       |    17 |   151 |       ||   168
       Punch             |       |     1 |     4 |     1 ||     6
       Flail             |       |       |    92 |   125 ||   217
 Cast: Freeze            |    51 |    53 |   145 |   261 ||   510
       Frozen Ramparts   |       |     5 |    37 |    57 ||    99
       Ozocubu's Armour  |       |     3 |    20 |    41 ||    64
       Hailstorm         |       |     3 |     4 |    19 ||    26
       Magic Dart        |       |       |    12 |    57 ||    69
 Abil: Breathe Noxious F |       |       |     1 |     1 ||     2
  Use: Scroll            |       |       |    12 |     1 ||    13
 Stab: Sleeping          |       |       |     1 |     2 ||     3
Armor: Skin              |    14 |    17 |   204 |   183 ||   418
Dodge: Dodged            |    39 |    47 |   373 |   294 ||   753
Block: Other             |       |       |       |    75 ||    75
       Reflection        |       |       |       |     6 ||     6
